 Dungeon Crawl Stone Soup version 0.30.0 (webtiles) character file.

Game seed: 18053007987447328277

189 Firecrotchwizard the Poker (level 5, -1/43 HPs)
             Began as a Merfolk Monk on May 7, 2023.
             Slain by an iguana (10 damage)
             ... on level 3 of the Dungeon.
             The game lasted 00:06:11 (2958 turns).

Firecrotchwizard the Poker (Merfolk Monk)           Turns: 2958, Time: 00:06:12

Health: -1/43      AC:  9    Str: 12    XL:     5   Next: 68%
Magic:  5/5        EV: 13    Int:  9    God:
Gold:   204        SH:  0    Dex: 18    Spells: 4/4 levels left

rFire   . . .        a - +0 spear
rCold   . . .        d - orb {light}
rNeg    . . .        q - +0 ring mail
rPois   .            (no helmet)
rElec   .            (no cloak)
rCorr   .            (no gloves)
SInv    .            (no boots)
Will    .....        (no amulet)
Stlth   +            v - +4 ring of protection
HPRegen 0.27/turn    (no ring)
MPRegen 0.09/turn

%: no passive effects
@: glowing
A: (nimble swimmer 2), mertail
a: no special abilities


You were on level 3 of the Dungeon.
You visited 1 branch of the dungeon, and saw 4 of its levels.

You collected 204 gold pieces.

Inventory:

Hand Weapons
 a - a +0 spear (weapon)
 n - a +0 club
Missiles
 i - 6 poisoned darts (quivered)
Armour
 b - a +0 robe
 d - an orb of light (worn)
 o - a +0 leather armour
 q - a +0 ring mail (worn)
Jewellery
 v - a +4 ring of protection (left hand)
Scrolls
 f - 3 scrolls of poison {unknown}
 g - 6 scrolls of identify {unknown}
 k - a scroll of silence {unknown}
 p - a scroll of teleportation {unknown}
 s - a scroll of amnesia {unknown}
 u - a scroll of noise {unknown}
Potions
 c - a potion of ambrosia
 e - a potion of brilliance {unknown}
 h - 3 potions of heal wounds {unknown}
 j - 6 potions of curing {unknown}
 l - a potion of degeneration {unknown}
 m - 2 potions of cancellation {unknown}
 r - 3 potions of mutation {unknown}
 t - a potion of flight {unknown}


   Skills:
 + Level 4.3 Fighting
 * Level 6.4 Polearms
 + Level 5.3 Dodging


You had 4 spell levels left.
You didn't know any spells.
Your spell library was empty.

Dungeon Overview and Level Annotations

Branches:
Dungeon (4/15)
 Temple: D:4-7

Altars:
Sif Muna

Shops:
D:2 (


Innate Abilities, Weirdness & Mutations

((You are very nimble when in or above water. (Stealth+, EV+, Speed+++)))
Your lower body shifts to a powerful aquatic tail in water.


Message History

No target in view!
A giant cockroach comes into view.
A giant cockroach is nearby!
You hit the giant cockroach but do no damage.
The giant cockroach bites you but does no damage.
You hit the giant cockroach but do no damage.
The giant cockroach completely misses you.
You hit the giant cockroach but do no damage.
The giant cockroach completely misses you.
You hit the giant cockroach but do no damage.
You hit the giant cockroach but do no damage.
The giant cockroach closely misses you.
You hit the giant cockroach but do no damage.
The giant cockroach bites you but does no damage.
You barely miss the giant cockroach. The giant cockroach barely misses you.
You hit the giant cockroach.
The giant cockroach is severely wounded.
The giant cockroach completely misses you.
You hit the giant cockroach.
The giant cockroach is almost dead.
The giant cockroach misses you.
You hit the giant cockroach but do no damage.
The giant cockroach is almost dead.
The giant cockroach barely misses you.
You hit the giant cockroach but do no damage.
The giant cockroach is almost dead.
The giant cockroach misses you.
You hit the giant cockroach.
You kill the giant cockroach!
No target in view!
A gnoll comes into view. It is wielding a +0 spear.
The gnoll shouts!
A gnoll comes into view. It is wielding a +0 spear.
The gnoll moves out of view.
You see here a giant cockroach corpse.
A gnoll is nearby!
The gnoll shouts!
You hear a shout!
A gnoll comes into view. It is wielding a +0 spear.
You reach to attack!
You hit the gnoll but do no damage. The gnoll closely misses you.
You reach to attack!
You hit the gnoll.
The gnoll is moderately wounded.
You see here a giant cockroach corpse.
You reach to attack!
You hit the gnoll.
The gnoll is heavily wounded.
An endoplasm comes into view.
The gnoll barely misses you.
The endoplasm quivers.
You hit the endoplasm.
You kill the endoplasm!
The gnoll closely misses you. The gnoll hits you but does no damage.
You reach to attack!
You hit the gnoll.
The gnoll is severely wounded.
The gnoll hits you from afar with a +0 spear!
You reach to attack!
You barely miss the gnoll.
The gnoll is severely wounded.
Unknown command.
The iguana barely misses you. The iguana attacks as you move away!
The iguana bites you! The iguana attacks as you move away!
The iguana barely misses you. The iguana attacks as you move away!
The iguana completely misses you. The iguana attacks as you move away!
The iguana bites you! The iguana attacks as you move away!
The iguana bites you. The iguana attacks as you move away!
The iguana bites you but does no damage.
An adder comes into view.
The adder hisses angrily.
You see here a +0 flail.
The adder barely misses you. The iguana closely misses you.
The gnoll closely misses you. The adder barely misses you.
The giant cockroach closely misses you. The giant cockroach bites you.
The adder barely misses you. The giant cockroach barely misses you.
There is a stone staircase leading up here.
The iguana bites you. The gnoll hits you but does no damage.
The adder bites you.
* * * LOW HITPOINT WARNING * * *
The giant cockroach bites you but does no damage.
You climb upwards.
There is a stone staircase leading down here.
The adder bites you but does no damage. The adder attacks as you move away!
The adder bites you but does no damage.
The iguana bites you but does no damage.
The adder barely misses you. The iguana attacks as you move away!
The iguana bites you but does no damage.
The iguana attacks as you move away! The iguana bites you.
* * * LOW HITPOINT WARNING * * *
The giant cockroach attacks as you move away!
The giant cockroach barely misses you.
You hit the iguana but do no damage. The iguana closely misses you.
You puncture the iguana!
The iguana is moderately wounded.
The iguana bites you!
* * * LOW HITPOINT WARNING * * *
You hit the iguana but do no damage.
The iguana is moderately wounded.
The iguana bites you!
You die...

................###..#.#.#.....#
...)................###........#
................##...#.#.#.....#
.######...########.......#.....#
.# #...# #.############# ## #...#
###.#### ######## #
#...######......# #......# #
#........#.#.##.####.####.# #
#...####.#@#.......#.##.... #
##.......#l####.##.#....... #
##...##....B####.#....##.#..
######.###.#.#.#......#..........
.#....## ##........####....#####.
#.....# #..>.#.#.# ####.#####.
##....## ##....#.#.# #.......
.......###...###.#.# ########
.#.####...##.....#.#


You could see an iguana and a giant cockroach.

Vanquished Creatures
  A jelly (D:4)
  An orc wizard (D:3)
  4 adders
  A gnoll (D:1)
  A worm (D:2)
  3 orcs (D:4)
  2 endoplasms
  4 giant cockroaches
  10 goblins
  10 hobgoblins
  2 jackals (D:2)
  8 quokkas
  10 ball pythons
  9 bats
  3 frilled lizards (D:2)
  4 kobolds
  7 rats
80 creatures vanquished.

Vanquished Creatures (others)
  7 plants (D:4)
7 creatures vanquished.

Grand Total: 87 creatures vanquished

Notes
Turn   | Place    | Note
-------+----------+-------------------------------------------
     0 | D:1      | Firecrotchwizard the Merfolk Monk began the quest for the
                  | Orb.
     0 | D:1      | Reached XP level 1. HP: 18/18 MP: 1/1
   143 | D:1      | Reached XP level 2. HP: 23/24 MP: 2/2
   486 | D:1      | Reached XP level 3. HP: 29/29 MP: 3/3
   629 | D:1      | Reached skill level 5 in Polearms
  1116 | D:2      | Found Qakah's Antique Weapon Shop.
  1167 | D:2      | Reached XP level 4. HP: 28/37 MP: 4/4
  2007 | D:3      | Found a shimmering blue altar of Sif Muna.
  2108 | D:3      | Reached skill level 5 in Dodging
  2483 | D:4      | Noticed a scorpion
  2597 | D:3      | Reached skill level 6 in Polearms
  2597 | D:3      | Reached XP level 5. HP: 18/42 MP: 5/5
  2958 | D:3      | Slain by an iguana

Illustrated notes

Levels and vault maps discovered:
D:1:      heliophobic_arrival_ceremonial_halls, layout_basic, st_stairs_3
D:2:      layout_loops_ring, serial_shops, shop
D:3:      layout_loops_cross, mainiacjoe_overflow_brackets,
          minmay_misc_feat_tower
D:4:      layout_loops_ring, biasface_ghost_orc_armoury, serial_forest,
          infiniplex_forest_straight_5, infiniplex_forest_clump_cross,
          infiniplex_forest_straight_1, infiniplex_forest_pool,
          infiniplex_forest_end_3, infiniplex_forest_clump_double,
          infiniplex_forest_lined_room_2, minmay_misc_feat_rows

Skill      XL: |  1  2  3  4 |
---------------+-------------+-----
Polearms       | 5 6 |  6.4
Fighting       | 4 |  4.3
Dodging        | 5 |  5.3

Action                     |  1- 3 |  4- 6 || total
---------------------------+-------+-------++-------
  Melee: Spear             |   142 |   188 ||   330
         Tailslap          |       |     1 ||     1
 Armour: Robe              |    17 |       ||    17
         Ring mail         |       |    44 ||    44
  Dodge: Dodged            |    70 |    97 ||   167
